 Dungeon Sprint DCSS version 0.30.0-17-ge0270778cf (webtiles) character file.

Game seed: 9014455922176760117

17227 boopmooplesden the Stickfighter (level 12, -8/132 HPs)
             Began as a Minotaur Berserker on May 21, 2023.
             Was the Champion of Trog.
             Mangled by a tengu warrior
             ... wielding a +1 halberd of venom
              (15 damage)
             ... in the Dungeon (Sprint IX: "|||||||||||||||||||||||||||||").
             The game lasted 00:06:34 (2027 turns).

boopmooplesden the Stickfighter (MiBe)              Turns: 2027, Time: 00:06:34

Health: -8/132     AC: 23    Str: 32    XL:     12   Next: 17%
Magic:  11/11      EV: 16    Int:  6    God:    Trog [******]
Gold:   1236       SH:  0    Dex: 18    Spells: 11/11 levels left

rFire   x . .        o - +6 lajatang (flame)
rCold   + + +        (shield currently unavailable)
rNeg    . . .        G - +1 ice dragon scales
rPois   .            (helmet restricted)
rElec   .            z - +1 cloak
rCorr   +            (no gloves)
SInv    .            F - +1 pair of boots {Stlth+}
Will    ++...        (no amulet)
Stlth   ++           u - ring "Fulujaho" {Ice *Slow rCorr Int+2 Dex+3}
HPRegen 1.42/turn    A - ring "Ytteet" {rF+ Str+5 Dex+5}
MPRegen 0.12/turn

%: no teleportation, slow self (1%)
@: lethally poisoned (-8 -> -13), strong-willed, on berserk cooldown,
regenerating, slowed, very slow
A: horns 2, retaliatory headbutt
a: Renounce Religion, Berserk, Trog's Hand, Brothers in Arms


You were in the Dungeon.
You worshipped Trog.
Trog was exalted by your worship.
You visited 1 branch You collected 1925 gold pieces.
You spent 689 gold pieces at shops.

Inventory:

Hand Weapons
 a - a +0 hand axe
 k - a +1 vampiric broad axe
 l - a +4 quarterstaff of speed
 m - the +2 rapier of Defiance {speed, rElec}
   (You found it in the Dungeon)

   rElec:     It insulates you from electricity.
 o - a +6 lajatang of flaming (weapon)
 s - a +1 battleaxe of flaming
 x - a +4 battleaxe of flaming
 y - a +3 heavy quarterstaff
 H - the +7 lajatang of Order {silver, rMut}
   (Trog gifted it to you in the Dungeon)

   rMut:      It protects you from mutation.
Armour
 q - a +1 chain mail
 z - a +1 cloak (worn)
 F - a +1 pair of boots of stealth (worn)
 G - +1 ice dragon scales (worn)
Jewellery
 p - a +2 ring of evasion
 r - a +3 ring of strength
 u - the ring "Fulujaho" (left hand) {Ice *Slow rCorr Int+2 Dex+3}
   (You found it in the Dungeon)

   [ring of ice]

   It enhances your ice magic.
   Int:       It affects your intelligence (+2).
   Dex:       It affects your dexterity (+3).
   rF:        It makes you vulnerable to fire.
   rC:        It protects you from cold.
   rCorr:     It protects you from acid and corrosion.
   *Slow:     It may slow you when you take damage.
 A - the ring "Ytteet" (right hand) {rF+ Str+5 Dex+5}
   (You bought it in a shop in the Dungeon)

   [ring of protection from fire]

   Str:       It affects your strength (+5).
   Dex:       It affects your dexterity (+5).
   rF:        It protects you from fire.
 B - a ring of poison resistance
 C - a ring of flight
 D - a ring of willpower
 E - a ring of fire
Wands
 b - a wand of polymorph (3)
 j - a wand of iceblast (10)
Scrolls
 h - 3 scrolls of blinking
 n - 4 scrolls of enchant weapon
 v - 4 scrolls of fog
 w - 2 scrolls of identify
Potions
 c - 5 potions of curing
 d - 7 potions of heal wounds
 e - a potion of haste
 f - 4 potions of magic
 g - a potion of berserk rage
 i - a potion of invisibility
 t - a potion of resistance


   Skills:
 + Level 19.8 Fighting
 + Level 13.5 Axes
 + Level 20.3 Staves
 + Level 18.3 Armour
 + Level 8.8 Dodging
 + Level 2.7 Stealth


You had 11 spell levels left.
You didn't know any spells.
Your spell library was empty.

Dungeon Overview and Level Annotations

Branches:
Dungeon (1/1)

Altars:
Cheibriados
Dithmenos
Elyvilon
Fedhas
Gozag
Hepliaklqana
Kikubaaqudgha
Makhleb
Nemelex Xobeh
Okawaru
Qazlal
Ru
Sif Muna
Trog
Uskayaw
Vehumet
Wu Jian
Xom
Yredelemnul
Zin
The Shining One
Jiyva
Lugonu

Shops:
D =*?*


Innate Abilities, Weirdness & Mutations

You have a pair of horns on your head.
You reflexively headbutt those who attack you in melee.


Message History

The stone giant shouts!
The tengu warrior hits you with a +1 halberd of venom!
* * * LOW HITPOINT WARNING * * *
You are more poisoned.
The tengu warrior pecks you but does no damage.
The tengu warrior claws you but does no damage.
You slice the tengu warrior!! You burn the tengu warrior!
The tengu warrior is heavily wounded.
You feel very sick.
The tengu warrior hits you with a +1 halberd of venom.
* * * LOW HITPOINT WARNING * * *
The tengu warrior pecks you.
* * * LOW HITPOINT WARNING * * *
The tengu warrior barely misses you.
You barely miss the tengu warrior.
The tengu warrior is heavily wounded.
You feel very sick.
A vampire mage comes into view.
The tengu warrior hits you but does no damage.
You are more poisoned.
The tengu warrior pecks you.
* * * LOW HITPOINT WARNING * * *
The tengu warrior claws you.
* * * LOW HITPOINT WARNING * * *
You hit the tengu warrior. You burn the tengu warrior.
The tengu warrior is heavily wounded.
You feel very sick.
The tengu warrior hits you with a +1 halberd of venom.
* * * LOW HITPOINT WARNING * * *
The tengu warrior pecks you but does no damage.
The tengu warrior claws you but does no damage.
You miss the tengu warrior.
The tengu warrior is heavily wounded.
* * * LOW HITPOINT WARNING * * *
You feel very sick.
The vampire mage gestures wildly while chanting.
The vampire mage flickers and vanishes!
Deactivating autopickup; reactivate with Ctrl-A.
The tengu warrior hits you with a +1 halberd of venom!
You die...

▓▓▓▓▓▓▓▓▓▓▓▓▓▓▓▓▓▓▓▓▓▓▓▓▓▓▓
[[[[[...!......†@QRCCC{....
▓▓▓▓▓▓▓▓▓▓▓▓▓▓▓▓▓▓▓▓▓▓▓▓▓▓▓▓▓▓▓▓▓
.................................
▓▓▓▓▓▓▓▓▓▓▓▓▓▓▓▓▓▓▓▓▓▓▓▓▓▓▓▓▓▓▓▓▓
)))))..)))...))))))∩.∩.∩.∩.....'.
▓▓▓▓▓▓▓▓▓▓▓▓▓▓▓▓▓▓▓▓▓▓▓▓▓▓▓▓▓▓▓▓▓
.................................
▓▓▓▓▓▓▓▓▓▓▓▓▓▓▓▓▓▓▓▓▓▓▓▓▓▓▓▓▓▓▓▓▓
....††.†......'†..†.†...()?'..[[[


You could see 3 stone giants, a rakshasa and a tengu warrior.

Vanquished Creatures
  A frost giant (D)
  A centaur warrior (D)
  A death yak (D)
  2 orc high priests (D)
  A vampire mage (D)
  4 orc knights (D)
  2 orc sorcerers (D)
  4 ugly things (D)
  A black mamba (D)
  Maurice (D)
  2 cane toads (D)
  A cane toad (shapeshifter) (D)
  An unseen horror (D)
  5 komodo dragons (D)
  4 polar bears (D)
  2 trolls (D)
  A slime creature (D)
  A yak (D)
  A shadow (D)
  A wyvern (D)
  4 basilisks (D)
  An acid dragon (D)
  2 water moccasins (D)
  4 black bears (D)
  11 orc warriors (D)
  An ogre (D)
  A wolf (D)
  A kobold brigand (D)
  A killer bee (D)
  An orc priest (D)
  5 orc wizards (D)
  A worm (D)
  14 orcs (D)
  An endoplasm (D)
  A jackal (D)
  A quokka (D)
  A kobold (D)
  2 rats (D)
90 creatures vanquished.

Vanquished Creatures (collateral kills)
  A hydra (D)
  An orc high priest (D)
  A skyshark (D)
  2 basilisks (D)
  2 orcs (D)
7 creatures vanquished.

Grand Total: 97 creatures vanquished

Notes
Turn   | Place    | Note
-------+----------+-------------------------------------------
     0 | D        | boopmooplesden the Minotaur Berserker began the quest for
                  | the Orb.
     0 | D        | Reached XP level 1. HP: 19/19 MP: 0/0
    15 | D        | Reached ** piety under Trog
    35 | D        | Noticed an ogre
    40 | D        | Reached *** piety under Trog
    41 | D        | Reached XP level 2. HP: 28/28 MP: 1/1
    42 | D        | Reached skill level 5 in Axes
    45 | D        | Killed an ogre
    46 | D        | Reached XP level 3. HP: 39/39 MP: 2/2
    46 | D        | Reached XP level 4. HP: 47/47 MP: 3/3
    84 | D        | Found a snail-covered altar of Cheibriados.
    84 | D        | Found a shadowy altar of Dithmenos.
    84 | D        | Found a white marble altar of Elyvilon.
    84 | D        | Found a blossoming altar of Fedhas.
    84 | D        | Found an opulent altar of Gozag.
    85 | D        | Found a hazy altar of Hepliaklqana.
    86 | D        | Found a viscous altar of Jiyva.
    87 | D        | Found an ancient bone altar of Kikubaaqudgha.
    88 | D        | Found a corrupted altar of Lugonu.
    89 | D        | Found a burning altar of Makhleb.
    90 | D        | Found a sparkling altar of Nemelex Xobeh.
    91 | D        | Found an iron altar of Okawaru.
    92 | D        | Found a stormy altar of Qazlal.
    93 | D        | Found a sacrificial altar of Ru.
    94 | D        | Found a shimmering blue altar of Sif Muna.
    95 | D        | Found a bloodstained altar of Trog.
    96 | D        | Found a hide-covered altar of Uskayaw.
    97 | D        | Found a radiant altar of Vehumet.
    98 | D        | Found an ornate altar of the Wu Jian Council.
    99 | D        | Found a shimmering altar of Xom.
   100 | D        | Found a basalt altar of Yredelemnul.
   101 | D        | Found a glowing silver altar of Zin.
   102 | D        | Found a glowing golden altar of the Shining One.
   118 | D        | Got the +2 rapier of Defiance {speed, rElec}
   155 | D        | Noticed a wyvern
   155 | D        | Noticed a kobold brigand
   155 | D        | Noticed an orc warrior
   155 | D        | Noticed an acid dragon
   161 | D        | Killed a wyvern
   162 | D        | Reached skill level 5 in Armour
   162 | D        | Reached XP level 5. HP: 57/57 MP: 4/4
   164 | D        | Reached **** piety under Trog
   165 | D        | Reached skill level 10 in Fighting
   165 | D        | Reached skill level 10 in Axes
   165 | D        | Reached skill level 5 in Dodging
   165 | D        | Reached XP level 6. HP: 66/66 MP: 5/5
   169 | D        | Reached skill level 1 in Staves
   174 | D        | Killed an orc warrior
   181 | D        | Killed an acid dragon
   182 | D        | Reached skill level 2 in Staves
   182 | D        | Reached XP level 7. HP: 23/74 MP: 6/6
   194 | D        | Killed an unseen horror
   194 | D        | Reached ***** piety under Trog
   195 | D        | Reached skill level 4 in Staves
   391 | D        | Noticed a basilisk
   391 | D        | Noticed a troll
   391 | D        | Noticed a troll
   391 | D        | Noticed a basilisk
   391 | D        | Noticed a centaur warrior
   391 | D        | Noticed a shadow
   395 | D        | Killed a basilisk
   396 | D        | Reached skill level 5 in Staves
   409 | D        | Killed a troll
   409 | D        | Received a gift from Trog
   410 | D        | Reached XP level 8. HP: 74/85 MP: 7/7
   413 | D        | Killed a troll
   414 | D        | Reached skill level 6 in Staves
   427 | D        | Reached skill level 7 in Staves
   440 | D        | Killed a centaur warrior
   441 | D        | Reached skill level 9 in Staves
   441 | D        | Reached skill level 10 in Armour
   441 | D        | Reached XP level 9. HP: 19/93 MP: 8/8
   444 | D        | Reached skill level 1 in Stealth
   744 | D        | Got the ring "Fulujaho" {Ice *Slow rCorr Int+2 Dex+3}
   758 | D        | Noticed a black mamba
   758 | D        | Noticed a komodo dragon
   758 | D        | Noticed a cane toad
   758 | D        | Noticed a komodo dragon
   761 | D        | Killed a black mamba
   761 | D        | Noticed a cane toad
   762 | D        | Reached skill level 10 in Staves
   766 | D        | Killed a komodo dragon
   767 | D        | Reached skill level 11 in Staves
   767 | D        | Noticed a komodo dragon
   773 | D        | Killed a cane toad
   775 | D        | Killed a komodo dragon
   776 | D        | Reached skill level 12 in Staves
   783 | D        | Killed a cane toad
   783 | D        | Received a gift from Trog
   784 | D        | Reached XP level 10. HP: 104/104 MP: 9/9
   797 | D        | Reached skill level 13 in Staves
   856 | D        | Noticed a death yak
   867 | D        | Noticed a skyshark
   868 | D        | Reached skill level 15 in Fighting
   872 | D        | Noticed a five-headed hydra
   877 | D        | Killed a death yak
   878 | D        | Reached skill level 14 in Staves
   901 | D        | Killed a skyshark
   902 | D        | Reached skill level 15 in Staves
   902 | D        | Reached skill level 15 in Armour
   904 | D        | Killed a seven-headed hydra
  1068 | D        | Reached skill level 16 in Staves
  1069 | D        | Reached ****** piety under Trog
  1069 | D        | Received a gift from Trog
  1081 | D        | Reached XP level 11. HP: 115/115 MP: 10/10
  1188 | D        | Noticed Maurice
  1199 | D        | Killed Maurice
  1199 | D        | Received a gift from Trog
  1248 | D        | Noticed an orc knight
  1265 | D        | Killed an orc knight
  1277 | D        | Reached skill level 17 in Staves
  1283 | D        | Received a gift from Trog
  1335 | D        | Noticed an orc high priest
  1336 | D        | Noticed a sun demon
  1343 | D        | Killed an orc high priest
  1343 | D        | Received a gift from Trog
  1347 | D        | Noticed an orc high priest
  1348 | D        | Noticed a soul eater
  1367 | D        | Killed an orc high priest
  1368 | D        | Reached skill level 18 in Staves
  1691 | D        | Found Seagodemuu's Jewellery Emporium.
  1691 | D        | Noticed an orc knight
  1694 | D        | Noticed an orc sorcerer
  1696 | D        | Found Cexaif's Assorted Antiques.
  1697 | D        | Received a gift from Trog
  1700 | D        | Killed an orc knight
  1703 | D        | Found Vazxeeru's Magic Scroll Emporium.
  1706 | D        | Killed an orc sorcerer
  1710 | D        | Found Pesutzet's Assorted Antiques.
  1712 | D        | Noticed an orc knight
  1714 | D        | Noticed an orc high priest
  1723 | D        | Killed an orc knight
  1723 | D        | Received a gift from Trog
  1725 | D        | Killed an orc high priest
  1734 | D        | Noticed an orc sorcerer
  1739 | D        | Noticed a soul eater
  1743 | D        | Killed an orc sorcerer
  1744 | D        | Reached skill level 19 in Staves
  1750 | D        | Bought the ring "Ytteet" {rF+ Str+5 Dex+5} for 689 gold
                  | pieces
  1975 | D        | Noticed a cyan ugly thing
  1975 | D        | Noticed an orc knight
  1975 | D        | Noticed a cyan ugly thing
  1980 | D        | Killed a cyan ugly thing
  1980 | D        | Noticed a brown ugly thing
  1981 | D        | Noticed a cyan ugly thing
  1984 | D        | Received a gift from Trog
  1984 | D        | Found the +7 lajatang of Order {silver, rMut}
  1986 | D        | Noticed a vampire mage
  1988 | D        | Noticed a rakshasa
  1993 | D        | Killed an orc knight
  1994 | D        | Noticed a tengu warrior
  1995 | D        | Killed a cyan ugly thing
  1998 | D        | Killed a brown ugly thing
  1999 | D        | Reached XP level 12. HP: 130/130 MP: 11/11
  1999 | D        | Noticed a frost giant
  2008 | D        | Killed a vampire mage
  2009 | D        | Reached skill level 20 in Staves
  2009 | D        | Noticed a stone giant
  2019 | D        | Killed a frost giant
  2022 | D        | Noticed a stone giant
  2025 | D        | Noticed a vampire mage
  2027 | D        | Mangled by a tengu warrior

Illustrated notes

Levels and vault maps discovered:
D:        linesprint [early_d, line_temple, items_1, d_10, items_2, lair_1,
          lair_end, items_3, orc_1, orc_end, items_4, d_15, swamp_1, shoals_1,
          snake_1, spider_1, d_20, vaults_1, items_5, swamp_end, shoals_end,
          snake_end, spider_end, vaults_end, d_27, items_6, zot_1, zot_end,
          crypt_end, forest_end, elf_end, slime_end, tomb_end, abyss_end,
          pan_hell_end]

Skill      XL: |  1  2  3  4  5  6  7  8  9 10 11 12 |
---------------+-------------------------------------+-----
Fighting       | 4 7 9 10 11 12 13 14 16 19 | 19.8
Axes           | 4 7 9 10 11 13 | 13.5
Armour         | 4 5 6 7 8 10 13 15 18 | 18.3
Dodging        | 3 4 5 6 7 8 |  8.8
Staves         | 2 5 9 12 16 19 20 | 20.3
Stealth        | 1 2 |  2.7

Action                     |  1- 3 |  4- 6 |  7- 9 | 10-12 || total
---------------------------+-------+-------+-------+-------++-------
  Melee: Hand axe          |    22 |     1 |       |       ||    23
         Headbutt          |     3 |     5 |    11 |    39 ||    58
         Quarterstaff      |       |    23 |    59 |   115 ||   197
         Lajatang          |       |       |       |    83 ||    83
 Invoke: Berserk           |     1 |     1 |     2 |     6 ||    10
         Brothers in Arms  |       |       |     1 |     3 ||     4
         Trog's Hand       |       |       |       |     1 ||     1
    Use: Potion            |       |       |     2 |     2 ||     4
 Armour: Animal skin       |     6 |       |       |       ||     6
         Chain mail        |       |    13 |    54 |    45 ||   112
         Ice dragon scales |       |       |       |    21 ||    21
  Dodge: Dodged            |    10 |     9 |    27 |    68 ||   114
